AoeStats
← TheRemover

Glade

510560250Analyzed
1v1 RM · 17h ago on Oct 1, 2026· 42m 0s· 2 players
Game mode
Random Map
Map size
Tiny (2 player)
Population
200
Speed
Normal
Resources
Standard
Victory
Conquest
Starting age
Dark Age
Ending age
Imperial Age
RankedLock teamsTeams togetherTeam positionsShared explorationLock speedFull tech treeHidden civsTurbo modeCheats
Victory
Defeat
🇨🇱 Mongols · Chile
1086
+15
🇺🇸 Ethiopians · United States
1075
-15
Eric the 大鸡巴英雄
8:16 Loom
10:30 Feudal Age
17:14 Double-Bit Axe
20:24 Castle Age
18:49 Fletching
19:18 Padded Archer Armor
20:20 Horse Collar
20:36 Crossbowman
21:24 Thumb Ring
22:15 Wheelbarrow
27:35 Ballistics
27:31 Bow Saw
27:27 Bodkin Arrow
30:29 Leather Archer Armor
30:56 Squires
38:24 Scale Mail Armor
38:36 Forging
38:20 Gold Mining
41:22 Chain Mail Armor
TheRemover
7:29 Loom
9:21 Feudal Age
12:05 Feudal Age
12:48 Double-Bit Axe
17:37 Castle Age
15:42 Horse Collar
16:21 Fletching
17:58 Stone Mining
21:00 Heavy Plow
21:42 Wheelbarrow
24:19 Scale Barding Armor
24:29 Forging
25:30 Bloodlines
25:26 Light Cavalry
26:38 Husbandry
27:15 Chain Barding Armor
31:42 Iron Casting
31:17 Gold Mining
36:29 Imperial Age
35:07 Bow Saw
35:39 Heavy Plow
36:43 Gold Shaft Mining
37:12 Hussar
40:08 Blast Furnace
40:59 Heavy Scorpion
Connection lost

Rejoining the realm…

Still unreachable

The connection could not be restored.

Session expired

The server has moved on; the page needs a fresh start.